 Dungeon Crawl Stone Soup version 0.24-a0-462-ge24419a6ad (webtiles) character file.

Game seed: 11635770817797089224

62 Peloso the Shield-Bearer (level 3, -8/33 HPs)
             Began as a Minotaur Fighter on July 2, 2019.
             Mangled by an ogre
             ... wielding a cursed -1 giant club
              (11 damage)
             ... on level 3 of the Dungeon.
             The game lasted 00:04:02 (1123 turns).

Peloso the Shield-Bearer (Minotaur Fighter)         Turns: 1123, Time: 00:04:03

Health: -8/33      AC:  7    Str: 25    XL:     3   Next: 85%
Magic:  2/2        EV:  7    Int:  5    God:
Gold:   107        SH: 10    Dex: 10    Spells: 2/2 levels left

rFire    . . .     SeeInvis .   a - +0 long sword
rCold    . . .     Gourm    .   c - +0 shield
rNeg     . . .     Faith    .   b - +0 scale mail
rPois    .         Spirit   .   (helmet restricted)
rElec    .         Reflect  .   (no cloak)
rCorr    .         Harm     .   (no gloves)
MR       .....                  (no boots)
Stlth    ..........             (no amulet)
HPRegen  0.11/turn              (no ring)
MPRegen  0.08/turn              (no ring)

@: mighty
A: retaliatory headbutt, horns 2
a: no special abilities


You were on level 3 of the Dungeon.
You were hungry.

You visited 1 branch of the dungeon, and saw 3 of its levels.

You collected 107 gold pieces.

Inventory:

Hand Weapons
 a - a +0 long sword (weapon)
Missiles
 p - 18 bolts
Armour
 b - a +0 scale mail (worn)
 c - a +0 shield (worn)
Scrolls
 e - a scroll of amnesia {unknown}
 i - 2 scrolls of remove curse {unknown}
 k - 2 scrolls of teleportation {unknown}
 l - 4 scrolls of identify {unknown}
 o - a scroll of blinking {unknown}
Potions
 d - 2 potions of might
 g - 2 potions of flight {unknown}
 h - a potion of cancellation {unknown}
 j - a potion of berserk rage {unknown}
 m - a potion of curing {unknown}
 n - a potion of degeneration {unknown}
Comestibles
 f - 5 rations


   Skills:
 + Level 4.1 Fighting
 + Level 3.4 Long Blades
 + Level 4.2 Armour
 + Level 0.1 Dodging
 + Level 4.3 Shields


You had 2 spell levels left.
You didn't know any spells.
Your spell library was empty.

Dungeon Overview and Level Annotations

Branches:
Dungeon (3/15)

Altars:
Nemelex Xobeh


Innate Abilities, Weirdness & Mutations

You reflexively headbutt those who attack you in melee.
You have a pair of horns on your head.


Message History

What level of the Dungeon? (default 1, ? - help)
There is a stone staircase leading down here.
You climb downwards.
An ogre comes into view. It is wielding a -1 giant club.
The ogre shouts!
There is a stone staircase leading up here.
An ogre is nearby!
You feel very mighty all of a sudden.
An adder comes into view.
The ogre hits you with a cursed -1 giant club.
Found a ring mail.
You barely miss the ogre. You headbutt the ogre.
The ogre is moderately wounded.
The ogre hits you with a cursed -1 giant club!!
Ouch! That really hurt!
* * * LOW HITPOINT WARNING * * *
You slash the ogre! Your headbutt misses the ogre.
The ogre is heavily wounded.
The ogre hits you with a cursed -1 giant club!
You die...

##..
...#+##
......[
.......
.......
.......
#+#S......
#<@O......
#.##.#####
#.# # ...
...# ....+
#....#
#....#


You could see an ogre and an adder.

Vanquished Creatures
  2 adders (D:2)
  A worm (D:2)
  A dart slug (D:2)
  2 leopard geckos (D:1)
  A ball python (D:2)
  3 goblins (D:1)
  6 hobgoblins
  4 jackals (D:1)
  2 bats
  3 frilled lizards
  6 kobolds
  5 rats
36 creatures vanquished.

Notes
Turn   | Place    | Note
-------+----------+-------------------------------------------
     0 | D:1      | Peloso the Minotaur Fighter began the quest for the Orb.
     0 | D:1      | Reached XP level 1. HP: 19/19 MP: 0/0
    35 | D:1      | Reached XP level 2. HP: 18/27 MP: 1/1
   427 | D:2      | Reached XP level 3. HP: 29/33 MP: 2/2
   735 | D:2      | Found a sparkling altar of Nemelex Xobeh.
  1119 | D:3      | Noticed an ogre
  1123 | D:3      | Mangled by an ogre

Levels and vault maps discovered:
D:1:      onia_arrival_pyramid, layout_rooms
D:2:      layout_basic, lemuel_crystal_altar, first_ration
D:3:      layout_basic, nicolae_overflow_hidden_temple,
          gammafunk_temple_overflow_wave

Skill      XL: |  1  2  3 |
---------------+----------+-----
Shields        | 4 |  4.3
Armour         | 4 |  4.2
Long Blades    | 3 |  3.4
Fighting       | 4 |  4.1
Dodging        | |  0.1

Action                   || total
-------------------------++-------
Melee: Long sword        ||    82
       Headbutt          ||    16
  Use: Potion            ||     1
Armor: Scale mail        ||    40
Dodge: Dodged            ||    27
Block: Shield            ||    39
       Rpst.: Long sword ||     9

Table legend:
 A = Non-vault XP
 B = Vault XP
 C = Vault XP percentage of total XP
 D = Non-vault monster count
 E = Vault monster count
 F = Vault count percentage of total count
                 A         B        C        D         E       F
            +---------+---------+-------+---------+---------+-------
      Total |      89 |       0 |   0.0 |      36 |       0 |   0.0
            +---------+---------+-------+---------+---------+-------
        D:1 |      38 |       0 |   0.0 |      21 |       0 |   0.0
        D:2 |      51 |       0 |   0.0 |      15 |       0 |   0.0
            +---------+---------+-------+---------+---------+-------
